 Dungeon Crawl Stone Soup version 0.32-a0-928-g1cae6b7ea0 (webtiles) character file.

Game seed: 12125926651027929156

54 horus123 the Magician (level 3, -1/27 HPs)
             Began as a Human Warper on Apr 13, 2024.
             Slain by a goblin
             ... wielding a +0 dagger
             ... led by Robin
              (4 damage)
             ... on level 2 of the Dungeon.
             The game lasted 00:03:10 (1541 turns).

horus123 the Magician (Human Warper)                Turns: 1541, Time: 00:03:10

Health: -1/27      AC:  4    Str: 11    XL:     3   Next: 91%
Magic:  8/8        EV: 10    Int: 15    God:
Gold:   58         SH:  0    Dex: 12    Spells: 2/9 levels left

rFire   . . .        a - +0 mace
rCold   . . .        (no shield)
rNeg    . . .        b - +0 leather armour
rPois   +            (no helmet)
rElec   .            g - +0 cloak
rCorr   .            (no gloves)
SInv    .            (no boots)
Will    .....        (no amulet)
Stlth   +            m - ring of poison resistance
HPRegen 0.24/turn    (no ring)
MPRegen 0.11/turn

%: no passive effects
@: about to teleport
A: explore regen
a: no special abilities


You were on level 2 of the Dungeon.
You visited 1 branch of the dungeon, and saw 2 of its levels.

You collected 58 gold pieces.

Inventory:

Hand Weapons
 a - a +0 mace (weapon)
Missiles
 d - 6 darts of dispersal (quivered)
Armour
 b - a +0 leather armour (worn)
 g - a +0 cloak (worn)
Jewellery
 m - a ring of poison resistance (left hand)
Scrolls
 c - a scroll of blinking
 i - 2 scrolls of identify {unknown}
 l - a scroll of immolation {unknown}
Potions
 f - 3 potions of curing {unknown}
 h - a potion of invisibility {unknown}
 j - a potion of attraction {unknown}
 k - a potion of brilliance {unknown}
 n - a potion of berserk rage {unknown}
 o - a potion of degeneration {unknown}


   Skills:
 - Level 2.0 Fighting
 - Level 2.0 Maces & Flails
 - Level 1.0 Throwing
 - Level 1.0 Armour
 - Level 2.0 Dodging
 + Level 3.8 Spellcasting
 - Level 3.0 Translocations


You had 2 spell levels left.
You knew the following spells:

 Your Spells              Type           Power      Damage    Failure   Level
a - Blink                 Tloc           22%        N/A       11%         2
b - Lesser Beckoning      Tloc           22%        N/A       11%         2
c - Maxwell's Portable P  Tloc           11%        2d(6-16)  22%         3

Your spell library contained the following spells:

 Spells                   Type           Power      Damage    Failure   Level
 Teleport Other           Tloc           11%        N/A       22%         3
 Vhi's Electric Charge    Tloc/Air       14%        N/A       78%         4


Dungeon Overview and Level Annotations

Branches:
Dungeon (2/15)

Altars:

Annotations:
D:2 Robin


Innate Abilities, Weirdness & Mutations

You regain HP and MP as you explore.


Message History

You closely miss the hobgoblin.
The hobgoblin is almost dead.
The hobgoblin barely misses you.
You sock the hobgoblin!
You kill the hobgoblin!
The goblin closely misses you.
You closely miss the goblin. The goblin hits you but does no damage.
You hit the goblin.
You kill the goblin!
You barely miss the goblin. The goblin hits you but does no damage.
You barely miss the goblin. The goblin barely misses you. x2
You thump the goblin!
You kill the goblin!
You sock the goblin!
You kill the goblin!
The goblin shoots a sling bullet.
The sling bullet hits you.
You hear a shout! 2 hobgoblins come into view.
The hobgoblin shouts! x2
Robin throws the goblin at you!
* * * LOW HITPOINT WARNING * * *
The goblin hits you with a +0 dagger.
* * * LOW HITPOINT WARNING * * *
The goblin unwields a +0 sling.
The goblin wields a +0 dagger.
The goblin hits you but does no damage.
A ball python comes into view.
The hobgoblin moves out of view.
Items here: )))) †††.
You hit Robin.
Robin is moderately wounded.
Robin roars a battlecry!
The goblins go into a battle-frenzy!
The goblin closely misses you. The goblin hits you with a +0 dagger.
* * * LOW HITPOINT WARNING * * *
The goblin closely misses you.
Robin says, "We wiped out the hill dwarves - you're next!"
As you read the scroll of teleportation, it crumbles to dust.
You feel strangely unstable. The goblin misses you.
The goblin hits you with a +0 dagger.
You die...

#......#########
#......#
#......#
#......#
#......#
#......#
#####.## #....#
###########
####.#
#g@g......# #
#g#######.# #g#
#g# #.# #S# ...
#.# ...


You could see Robin, 2 hobgoblins, 2 goblins and a ball python.

Vanquished Creatures
  An adder (D:2)
  2 dart slugs (D:1)
  2 ribbon worms (D:2)
  3 ball pythons (D:1)
  An endoplasm (D:1)
  2 giant cockroaches (D:1)
  7 goblins
  4 hobgoblins
  2 frilled lizards (D:1)
  3 kobolds
  8 rats (D:1)
35 creatures vanquished.

Notes
Turn   | Place    | Note
-------+----------+-------------------------------------------
     0 | D:1      | horus123 the Human Warper began the quest for the Orb.
     0 | D:1      | Reached XP level 1. HP: 16/16 MP: 3/3
   201 | D:1      | Reached XP level 2. HP: 22/22 MP: 5/5
   305 | D:1      | Learned a level 2 spell: Blink
   308 | D:1      | Learned a level 2 spell: Lesser Beckoning
   309 | D:1      | Found a faded altar of an unknown god.
   805 | D:1      | Reached XP level 3. HP: 27/27 MP: 7/7
   809 | D:1      | Learned a level 3 spell: Maxwell's Portable Piledriver
  1515 | D:2      | Noticed Robin
  1541 | D:2      | Slain by a goblin

Illustrated notes

Levels and vault maps discovered:
D:1:      orjb1_lava_funnel, layout_basic, chequers_ecumenical_altar_simple,
          chequers_serial_rivers_small_a, minmay_rat_gold_closets
D:2:      layout_basic, serial_glass, glass_columns_b, glass_columns_b,
          uniq_robin

Skill      XL: |  1  2 |
---------------+-------+-----
Spellcasting   | 3 |  3.8
Fighting       | |  2.0
Maces & Flails | |  2.0
Throwing       | |  1.0
Armour         | |  1.0
Dodging        | |  2.0
Translocations | |  3.0

Action                     || total
---------------------------++-------
  Melee: Mace              ||   130
  Throw: Dart              ||     1
    Use: Scroll            ||     2
   Stab: Sleeping          ||     3
 Armour: Leather armour    ||   104
  Dodge: Dodged            ||    74

Table legend: (Time is in decaauts)
 A = Elapsed time spent in this place.
 B = Non-inter-level travel time spent in this place.
 C = Inter-level travel time spent in this place.
 D = Time resting spent in this place.
 E = Time spent auto-exploring this place.
 F = Levels seen in this place.
 G = Mean time per level.
                   A        B        C        D        E       F      G
               +--------+--------+--------+--------+--------+-----+--------+
         Total |   1579 |   1560 |     19 |    121 |   1116 |   2 |  789.5 |
       Dungeon |   1579 |   1560 |     19 |    121 |   1116 |   2 |  789.5 |
               +--------+--------+--------+--------+--------+-----+--------+

Top non-repeatable levels by time:
     D:1: 1012 daAuts
     D:2: 566 daAuts
